 Dungeon Crawl Stone Soup version 0.28.0-49-g6dfe1f597d (webtiles) character file.

Game seed: 6974823938251999934

184 mortz the Conjurer (level 5, -4/28 HPs)
             Began as a Deep Elf Conjurer on May 11, 2022.
             Was an Initiate of Gozag.
             Slain by Blork the orc
             ... wielding a +0 flail
              (8 damage)
             ... on level 4 of the Dungeon.
             The game lasted 00:14:07 (3593 turns).

mortz the Conjurer (Deep Elf Conjurer)              Turns: 3593, Time: 00:14:08

Health: -4/28      AC:  5    Str:  4    XL:     5   Next: 36%
Magic:  2/13       EV: 11    Int: 25    God:    Gozag
Gold:   222        SH:  0    Dex: 13    Spells: 9/12 levels left

rFire   . . .      SeeInvis .   r - +0 short sword (venom) {short}
rCold   + . .      Faith    .   i - orb {light}
rNeg    . . .      Spirit   .   d - +1 leather armour {rC+}
rPois   .          Reflect  .   (no helmet)
rElec   .          Harm     .   k - +0 cloak
rCorr   .          Rampage  .   (no gloves)
Will    .....                   (no boots)
Stlth   +.........              (no amulet)
HPRegen 0.09/turn               (no ring)
MPRegen 0.13/turn               (no ring)

@: gold aura, glowing
A: no striking features
a: Renounce Religion, Potion Petition, Call Merchant, Bribe Branch


You were on level 4 of the Dungeon.
You worshipped Gozag.
Gozag was aware of your devotion.
You visited 1 branch of the dungeon, and saw 4 of its levels.

You collected 253 gold pieces.
You paid 31 gold pieces to Gozag.


   Skills:
 + Level 0.1 Armour
 + Level 2.6 Dodging
 + Level 2.8 Stealth
 + Level 4.2 Spellcasting
 + Level 5.7 Conjurations
 * Level 1.4 Translocations
 * Level 1.5 Transmutations
 * Level 1.6 Earth Magic


You had 9 spell levels left.
You knew the following spells:

 Your Spells              Type           Power      Damage    Failure   Level
a - Magic Dart            Conj           100%       1d8       1%          1
b - Searing Ray           Conj           68%        2d6       2%          2

Your spell library contained the following spells:

 Spells                   Type           Power      Damage    Failure   Level
 Passwall                 Tmut/Erth      10%        N/A       13%         2
 Dazzling Flash           Conj/Hex       38%        N/A       14%         3
 Ensorcelled Hibernation  Hex/Ice        10%        N/A       24%         2
 Iskenderun's Mystic Bla  Conj/Tloc      23%        2d6       34%         4
 Swiftness                Air            5%         N/A       43%         3
 Fulminant Prism          Conj/Hex       9%         3d7       43%         4

Inventory:

Hand Weapons
 o - a +1 short sword of holy wrath {short}
   (You took it off an orc on level 2 of the Dungeon)
 q - a +1 dagger of protection {short}
   (You took it off a goblin on level 3 of the Dungeon)
 r - a +0 short sword of venom (weapon) {short}
   (You took it off an orc priest on level 3 of the Dungeon)
 t - a +0 war axe {axe}
   (You took it off an orc on level 3 of the Dungeon)
Missiles
 h - 19 poisoned darts {throwing}
 m - 99 stones {throwing}
Armour
 d - a +1 leather armour of cold resistance (worn)
   (You found it on level 4 of the Dungeon)
 i - an orb of light (worn)
   (You found it on level 2 of the Dungeon)
 k - a +0 cloak (worn)
   (You found it on level 2 of the Dungeon)
Jewellery
 f - a ring of ice
   (You took it off a kobold on level 1 of the Dungeon)
Scrolls
 a - a scroll of magic mapping {unknown}
 c - a scroll of amnesia {unknown}
 g - a scroll of fear {unknown}
 n - a scroll of fog {unknown}
 s - a scroll of teleportation {@r4}
Potions
 b - 3 potions of curing {@q1}
 e - a potion of magic
 j - a potion of ambrosia
 l - a potion of attraction {!q}
 u - a potion of berserk rage {unknown}

Dungeon Overview and Level Annotations

Branches:
Dungeon (4/15)
 Temple: D:4-7

Altars:
Dithmenos
Gozag
Beogh

Annotations:
D:4 exclusion: black bear, Blork the orc

###.###.#####.# #..####
#.o.g.........# #..#
#..o.#...........# #..#
##. #####.####.## #..# $
$ #.# #.# #..# #$# #.#
#..# $ #.# #.# #<.# #o#
#.# #..#### #@# #.#
#.[.... #+#.... #####.#
#.# ##.###. #.##..
##.....####.######.# #.
.!.#h.
#..................# #.
#h##.
#.###..########.########
#. ###.. #......# #.# #.
....# ######.#
#.##########.
#...########.#
#..).........
..$..........#
#..##########


You could see Blork the orc (fast).


Message History

😕 MP[-2]
You lost 2 mp, and now have 11/13 mp.
The searing ray hits the quokka!
You kill the quokka! 😕 MP[-1]
You lost 1 mp, and now have 10/13 mp.
You now have 207 gold pieces (gained 6).
You now have 215 gold pieces (gained 8).
m - 99 stones {throwing} (gained 4)
You see here a +0 club {mace}. 😎 HP[+3] MP[+3]
Your hp is fully restored (28).
Your mp is fully restored (13).
A hobgoblin comes into view.
Casting: Searing Ray (safe; 2% risk of failure)
Confirm with . or Enter, or press ? or * to list all spells.
Aiming: Searing Ray (safe; 2% risk of failure)
Press: ? - help, Shift-Dir - straight line, f - hobgoblin
Aim: a hobgoblin (asleep, haloed, 100% to hit)
The searing ray hits the hobgoblin.
The hobgoblin shouts! (Press . to maintain the ray.) 😎 MP[-2]
You lost 2 mp, and now have 11/13 mp.
The searing ray hits the hobgoblin.
You kill the hobgoblin! 😎 MP[-1]
You lost 1 mp, and now have 10/13 mp.
You now have 222 gold pieces (gained 7).
The howler monkey howls!
A black bear comes into view. 😎 MP[+3]
Your mp is fully restored (13).
Press: ? - help, . - travel You can't see that place. [the floor.] Placed new exclusion.
A goblin comes into view. It is wielding a +0 dagger.
The goblin shouts!
Blork the orc comes into view.
He is wielding a +0 flail.
Casting: Searing Ray (safe; 2% risk of failure)
Confirm with . or Enter, or press ? or * to list all spells.
Aiming: Searing Ray (safe; 2% risk of failure)
Press: ? - help, Shift-Dir - straight line, f - goblin
Aim: a goblin, wielding a +0 dagger (haloed, 82% to hit)
The searing ray hits the goblin!
You kill the goblin! (Press . to maintain the ray.) Blork the orc casts a spell at you.
The magic dart hits you! 😮 HP[-7] MP[-2]
You take 7 damage, and now have 21/28 hp.
MASSIVE DAMAGE!! (PAUSE)
You lost 2 mp, and now have 11/13 mp.
Blork the orc gestures wildly while chanting.
Blork the orc seems to speed up. 😮 MP[-1]
You lost 1 mp, and now have 10/13 mp.
Blork the orc gestures at you while chanting.
The magic dart hits you. 😮 HP[-1] MP[-1]
You take 1 damage, and now have 20/28 hp.
You lost 1 mp, and now have 9/13 mp.
The searing ray misses Blork the orc.
You finish channelling your searing ray. 😮 MP[-1]
You lost 1 mp, and now have 8/13 mp.
Casting: Searing Ray (safe; 2% risk of failure)
Confirm with . or Enter, or press ? or * to list all spells.
Aiming: Searing Ray (safe; 2% risk of failure)
Press: ? - help, Shift-Dir - straight line, f - Blork the orc
Aim: Blork the orc, wielding a +0 flail and wearing a +2 robe (fast, haloed, 87% to hit)
The searing ray hits Blork the orc. (Press . to maintain the ray.) 😮 HP[+1] MP[-2]
You lost 2 mp, and now have 6/13 mp.
The searing ray hits Blork the orc.
Blork the orc hits you with a +0 flail. 😮 HP[-4] MP[-1]
You take 4 damage, and now have 17/28 hp.
You lost 1 mp, and now have 5/13 mp.
The searing ray hits Blork the orc but does no damage.
Blork the orc looks encouraged for a moment.
Blork the orc barely misses you.
The searing ray hits Blork the orc.
You finish channelling your searing ray.
Blork the orc hits you with a +0 flail. 😮 HP[-2] MP[-1]
You take 2 damage, and now have 15/28 hp.
You lost 1 mp, and now have 4/13 mp.
Casting: Searing Ray (safe; 2% risk of failure)
Confirm with . or Enter, or press ? or * to list all spells.
Aiming: Searing Ray (safe; 2% risk of failure)
Press: ? - help, Shift-Dir - straight line, f/p - Blork the orc
Aim: Blork the orc, wielding a +0 flail and wearing a +2 robe (heavily wounded, fast, haloed, 87% to hit)
The searing ray misses Blork the orc. (Press . to maintain the ray.) Blork the orc hits you with a +0 flail!
* * * LOW HITPOINT WARNING * * *
Blork the orc hits you with a +0 flail!
You die...
Your body crumbles into a pile of gold.

Skill      XL: |  1  2  3  4 |
---------------+-------------+-----
Conjurations   | 5 |  5.7
Transmutations | 1 |  1.5
Translocations | 1 |  1.4
Earth Magic    | 1 |  1.6
Spellcasting   | 4 |  4.2
Armour         | |  0.1
Dodging        | |  2.6
Stealth        | |  2.8

Action                   |  1- 3 |  4- 6 || total
-------------------------+-------+-------++-------
 Cast: Magic Dart        |    46 |    32 ||    78
       Searing Ray       |    16 |    23 ||    39
  Use: Scroll            |       |     6 ||     6
Armor: Robe              |     1 |       ||     1
       Leather armour    |       |     1 ||     1
Dodge: Dodged            |     1 |     4 ||     5

Levels and vault maps discovered:
D:1:      wander_arrival_abandoned_jail, layout_loops_ring
D:2:      layout_basic, basic_altar, hellmonk_ecumenical_altar_defaced_shrine
D:3:      cheibrodos_helix_gallery, layout_loops_ring,
          mainiacjoe_overflow_concentric_impassable
D:4:      layout_loops_ring, minmay_joined_circles, uniq_blork_the_orc

Notes
Turn   | Place    | Note
-------+----------+-------------------------------------------
     0 | D:1      | mortz the Deep Elf Conjurer began the quest for the Orb.
     0 | D:1      | Reached XP level 1. HP: 10/10 MP: 6/6
     0 | D:1      | magus.rc [v1.9.6]
   332 | D:1      | Reached XP level 2. HP: 15/15 MP: 6/8
   335 | D:1      | Learned a level 2 spell: Searing Ray
   461 | D:1      | You pick up a book of Burglary and begin reading...
   461 | D:1      | You add the spells Passwall, Ensorcelled Hibernation and
                  | Swiftness to your library.
   532 | D:1      | Reached skill level 5 in Conjurations
   923 | D:1      | Reached XP level 3. HP: 19/19 MP: 7/9
  1242 | D:2      | Found a shadowy altar of Dithmenos.
  1620 | D:2      | Reached XP level 4. HP: 24/24 MP: 8/11
  1718 | D:2      | Found a faded altar of an unknown god.
  1880 | D:2      | Reached skill level 1 in Transmutations
  2240 | D:3      | Reached skill level 1 in Translocations
  2243 | D:3      | Reached skill level 1 in Earth Magic
  2376 | D:3      | Found an opulent altar of Gozag.
  2461 | D:3      | Became a worshipper of Gozag Ym Sagoz the Greedy
  2826 | D:3      | Reached skill level 4 in Spellcasting
  2858 | D:3      | Reached XP level 5. HP: 28/28 MP: 10/13
  3228 | D:4      | Noticed a centaur
  3550 | D:4      | Noticed a black bear
  3576 | D:4      | Noticed Blork the orc
  3593 | D:4      | HP: 4/28 [Blork the orc/+0 flail (11)]
  3593 | D:4      | Slain by Blork the orc

Vanquished Creatures
  An orc priest (D:3)
  A centaur skeleton (D:4)
  3 adders
  A worm (D:2)
  A dart slug (D:2)
  6 orcs
  2 ball pythons
  5 endoplasms
  4 giant cockroaches
  12 goblins
  12 hobgoblins
  4 jackals (D:1)
  8 kobolds
  3 quokkas
  4 bats
  6 frilled lizards
  9 rats
82 creatures vanquished.

Table legend:
 A = Non-vault XP
 B = Vault XP
 C = Vault XP percentage of total XP
 D = Non-vault monster count
 E = Vault monster count
 F = Vault count percentage of total count
                 A         B        C        D         E       F
            +---------+---------+-------+---------+---------+-------
      Total |     252 |      11 |   4.2 |      77 |       5 |   6.1
            +---------+---------+-------+---------+---------+-------
        D:1 |      45 |       0 |   0.0 |      27 |       0 |   0.0
        D:2 |      62 |       9 |  12.7 |      21 |       3 |  12.5
        D:3 |      88 |       2 |   2.2 |      18 |       2 |  10.0
        D:4 |      57 |       0 |   0.0 |      11 |       0 |   0.0
            +---------+---------+-------+---------+---------+-------

Illustrated notes

Table legend:
 A = Kills in this place as a percentage of kills in entire the game.
 B = Kills by you in this place as a percentage of kills by you in the entire game.
 C = Kills by friends in this place as a percentage of kills by friends in the entire game.
 D = Other kills in this place as a percentage of other kills in the entire game.
 E = Experience gained in this place as a percentage of experience gained in the entire game.
 F = Experience gained in this place divided by the number of levels of this place that you have seen.
                   A       B       C       D       E      F
               +-------+-------+-------+-------+-------+----------------------
         Total | 100.0 | 100.0 |   N/A |   N/A | 100.0 |  65.8
       Dungeon | 100.0 | 100.0 |   N/A |   N/A | 100.0 |  65.8
               +-------+-------+-------+-------+-------+----------------------

Table legend: (Time is in decaauts)
 A = Elapsed time spent in this place.
 B = Non-inter-level travel time spent in this place.
 C = Inter-level travel time spent in this place.
 D = Time resting spent in this place.
 E = Time spent auto-exploring this place.
 F = Levels seen in this place.
 G = Mean time per level.
                   A        B        C        D        E       F      G
               +--------+--------+--------+--------+--------+-----+--------+
         Total |   3589 |   3498 |     91 |    381 |   2591 |   4 |  897.2 |
       Dungeon |   3589 |   3498 |     91 |    381 |   2591 |   4 |  897.2 |
               +--------+--------+--------+--------+--------+-----+--------+

Top non-repeatable levels by time:
     D:1: 1073 daAuts
     D:2: 1016 daAuts
     D:3: 998 daAuts
     D:4: 500 daAuts
